 Dungeon Crawl Stone Soup version 0.29-a0-371-g91724d5b39 (webtiles) character file.

Game seed: 2739766568113893783

126 spaghetti the Covert (level 5, 12/47 HPs)
             Began as a Gnoll Delver on May 2, 2022.
             Quit the game on level 5 of the Dungeon.
             The game lasted 00:02:50 (1566 turns).

spaghetti the Covert (Gnoll Delver)                 Turns: 1566, Time: 00:02:50

Health: 12/47      AC:  3    Str: 11    XL:     5   Next: 9%
Magic:  7/7        EV: 17    Int: 10    God:
Gold:   10         SH:  0    Dex: 15    Spells: 6/6 levels left

rFire   . . .      SeeInvis .     - Unarmed
rCold   . . .      Faith    .   (no shield)
rNeg    . . .      Spirit   .   b - +0 leather armour
rPois   .          Reflect  .   (no helmet)
rElec   .          Harm     .   (no cloak)
rCorr   .          Rampage  .   (no gloves)
Will    .....                   (no boots)
Stlth   ++++......              (no amulet)
HPRegen 0.15/turn               f - +4 ring of evasion
MPRegen 0.10/turn               (no ring)

@: no status effects
A: fangs 1, strong nose, distributed training
a: no special abilities


You were on level 5 of the Dungeon.
You visited 1 branch of the dungeon, and saw 2 of its levels.

You collected 10 gold pieces.


Innate Abilities, Weirdness & Mutations

You have very sharp teeth.
Your uncanny sense of smell can sniff out nearby items.
Your experience applies equally to all skills.


   Skills:
 + Level 6.6 Fighting
 + Level 4.7 Short Blades
 + Level 1.3 Long Blades
 + Level 1.3 Axes
 + Level 1.3 Maces & Flails
 + Level 1.3 Polearms
 + Level 1.3 Staves
 + Level 1.3 Slings
 + Level 1.3 Bows
 + Level 1.3 Crossbows
 + Level 1.3 Throwing
 + Level 1.3 Armour
 + Level 4.7 Dodging
 + Level 9.6 Stealth
 + Level 1.3 Shields
 + Level 1.3 Unarmed Combat
 + Level 1.3 Spellcasting
 + Level 1.1 Conjurations
 + Level 1.1 Hexes
 + Level 1.1 Summonings
 + Level 1.1 Necromancy
 + Level 1.1 Translocations
 + Level 1.1 Transmutations
 + Level 1.1 Fire Magic
 + Level 1.1 Ice Magic
 + Level 1.1 Air Magic
 + Level 1.1 Earth Magic
 + Level 1.1 Poison Magic
 + Level 1.5 Invocations
 + Level 1.3 Evocations


You had 6 spell levels left.
You didn't know any spells.
Your spell library was empty.

Inventory:

Hand Weapons
 a - a +0 short sword {short}
 e - a +0 club {mace}
   (You found it on level 5 of the Dungeon)
Missiles
 h - 3 poisoned darts (quivered) {throwing}
Armour
 b - a +0 leather armour (worn)
Jewellery
 f - a +4 ring of evasion (left hand)
   (You found it on level 6 of the Dungeon)
Wands
 g - a wand of digging (3)
Scrolls
 c - a scroll of fog
 d - a scroll of magic mapping {!r}
 i - 2 scrolls of blinking {unknown}

Dungeon Overview and Level Annotations

Branches:
Dungeon (6/15)
 Temple: D:4-7

Altars:

Annotations:
D:6 exclusion: 2 doors

######### #....ยง..#
#####.#####.########
#...#.#####........#
##.#......W...#####.#
#.....#.##@......).
#.#.#...##.##......
#######.#.#####....
.....
.........#.......##
###.
#####...###.###ยง##
###..## ##.##.#
###...## ###.#.#
.......####...#>#
...#....##......#


You could see a phantom.


Message History

You regained 5 hp, and now have 8/47 hp. ๐Ÿ˜ฑ HP[+1] ๐Ÿ˜ฑ HP[+1] ๐Ÿ˜ฑ HP[+1]
You start resting. ๐Ÿ˜Ž HP[+36]
Your hp is fully restored (47).
(D) Dungeon
Where to? (Enter - D:6, ? - help)
There is a stone staircase leading up here.
You climb upwards.
There is a stone staircase leading down here.
e - a +0 club {mace} Key pressed, stopping explore.
Key pressed, stopping explore.
A phantom comes into view.
A phantom is nearby!
You closely miss the phantom. The phantom hits you. ๐Ÿ˜• HP[-3]
You take 3 damage, and now have 44/47 hp.
You are too injured to fight recklessly!
You are too injured to fight recklessly!
You are too injured to fight recklessly!
You are too injured to fight recklessly!
You are too injured to fight recklessly!
You are too injured to fight recklessly!
You are too injured to fight recklessly!
You are too injured to fight recklessly!
You are too injured to fight recklessly!
You are too injured to fight recklessly!
You are too injured to fight recklessly!
You are too injured to fight recklessly!
You are too injured to fight recklessly!
You are too injured to fight recklessly!
You are too injured to fight recklessly!
You are too injured to fight recklessly!
Unknown command.
You barely miss the phantom. The phantom hits you! ๐Ÿ˜• HP[-7]
You take 7 damage, and now have 37/47 hp.
You closely miss the phantom. You bite the phantom, but do no damage.
The phantom hits you but does no damage.
You barely miss the phantom. The phantom completely misses you.
Unknown command.
You closely miss the phantom. The phantom barely misses you.
You barely miss the phantom. Your bite misses the phantom.
The phantom misses you. ๐Ÿ˜• HP[+1]
You hit the phantom. The phantom hits you. ๐Ÿ˜ฎ HP[-5]
You take 5 damage, and now have 33/47 hp.
You barely miss the phantom. The phantom closely misses you.
You closely miss the phantom. The phantom closely misses you.
You hit the phantom. The phantom closely misses you.
You hit the phantom but do no damage. The phantom hits you. ๐Ÿ˜ฎ HP[-6]
You take 6 damage, and now have 27/47 hp.
You barely miss the phantom. You bite the phantom.
The phantom hits you but does no damage.
You hit the phantom.
The phantom barely misses you. ๐Ÿ˜ฎ HP[+1]
You hit the phantom. The phantom hits you.
* * * LOW HITPOINT WARNING * * *
The phantom blinks!
You blink. ๐Ÿ˜จ HP[-5]
You take 5 damage, and now have 23/47 hp.
Unknown command.
Unknown command.
You closely miss the phantom. The phantom closely misses you.
You hit the phantom but do no damage. Your bite misses the phantom.
The phantom hits you.
* * * LOW HITPOINT WARNING * * *
The phantom blinks!
You blink. ๐Ÿ˜จ HP[-2]
You take 2 damage, and now have 21/47 hp.
Unknown command.
Unknown command.
You barely miss the phantom. The phantom hits you.
* * * LOW HITPOINT WARNING * * *
๐Ÿ˜จ HP[-2]
You take 2 damage, and now have 19/47 hp.
You closely miss the phantom. Your bite misses the phantom.
The phantom hits you.
* * * LOW HITPOINT WARNING * * *
The phantom blinks!
You blink. ๐Ÿ˜จ HP[-3]
You take 3 damage, and now have 16/47 hp.
Unknown command.
You hit the phantom. The phantom hits you.
* * * LOW HITPOINT WARNING * * *
The phantom blinks!
You blink. ๐Ÿ˜จ HP[-4]
You take 4 damage, and now have 12/47 hp.
Unknown command.
Unknown command.
Are you sure you want to abandon this character and quit the game? (Confirm with "yes".)

Skill      XL: |  1  2  3  4 |
---------------+-------------+-----
Stealth        | |  9.6
Long Blades    | 1 |  1.3
Axes           | 1 |  1.3
Maces & Flails | 1 |  1.3
Polearms       | 1 |  1.3
Staves         | 1 |  1.3
Slings         | 1 |  1.3
Bows           | 1 |  1.3
Crossbows      | 1 |  1.3
Throwing       | 1 |  1.3
Armour         | 1 |  1.3
Shields        | 1 |  1.3
Unarmed Combat | 1 |  1.3
Spellcasting   | 1 |  1.3
Invocations    | 1 |  1.5
Evocations     | 1 |  1.3
Conjurations   | 1 |  1.1
Hexes          | 1 |  1.1
Summonings     | 1 |  1.1
Necromancy     | 1 |  1.1
Translocations | 1 |  1.1
Transmutations | 1 |  1.1
Fire Magic     | 1 |  1.1
Ice Magic      | 1 |  1.1
Air Magic      | 1 |  1.1
Earth Magic    | 1 |  1.1
Poison Magic   | 1 |  1.1
Fighting       | |  6.6
Short Blades   | |  4.7
Dodging        | |  4.7

Action                   |  1- 3 |  4- 6 || total
-------------------------+-------+-------++-------
Melee: Short sword       |    11 |       ||    11
       Unarmed           |     7 |    79 ||    86
       Bite              |       |    12 ||    12
       Punch             |       |     1 ||     1
Throw: Dart              |       |     3 ||     3
  Use: Potion            |     1 |     1 ||     2
       Scroll            |       |     3 ||     3
 Stab: Sleeping          |       |     2 ||     2
Armor: Skin              |    11 |       ||    11
       Leather armour    |       |    11 ||    11
Dodge: Dodged            |     3 |    63 ||    66

Levels and vault maps discovered:
D:5:      layout_loops_ring, enter_ossuary_3, nicolae_shop_clearance
D:6:      layout_loops_ring, chequers_serial_rivers_large_b,
          chequers_serial_rivers_micro_c, kennysheep_generic_room_5

Notes
Turn   | Place    | Note
-------+----------+-------------------------------------------
     0 | D:5      | Reached skill level 9 in Stealth
     0 | D:5      | spaghetti the Gnoll Delver began the quest for the Orb.
     0 | D:5      | Reached XP level 1. HP: 23/23 MP: 1/1
     0 | D:5      | magus.rc [v1.9.6]
    28 | D:5      | Noticed a scorpion
    38 | D:5      | HP: 4/34 [white imp/puff of frost (10)]
    41 | D:5      | Reached XP level 2. HP: 5/29 MP: 2/2
    45 | D:5      | HP: 3/43 [scorpion (3)]
    46 | D:5      | Killed a scorpion
    47 | D:5      | Reached skill level 1 in Long Blades
    47 | D:5      | Reached skill level 1 in Axes
    47 | D:5      | Reached skill level 1 in Maces & Flails
    47 | D:5      | Reached skill level 1 in Polearms
    47 | D:5      | Reached skill level 1 in Staves
    47 | D:5      | Reached skill level 1 in Slings
    47 | D:5      | Reached skill level 1 in Bows
    47 | D:5      | Reached skill level 1 in Crossbows
    47 | D:5      | Reached skill level 1 in Throwing
    47 | D:5      | Reached skill level 1 in Armour
    47 | D:5      | Reached skill level 1 in Shields
    47 | D:5      | Reached skill level 1 in Unarmed Combat
    47 | D:5      | Reached skill level 1 in Spellcasting
    47 | D:5      | Reached skill level 1 in Invocations
    47 | D:5      | Reached skill level 1 in Evocations
    47 | D:5      | Reached XP level 3. HP: 4/35 MP: 2/4
    47 | D:5      | Reached XP level 4. HP: 4/41 MP: 2/5
   351 | D:6      | Noticed a sky beast
   352 | D:6      | Noticed a kobold brigand
   627 | D:6      | Reached skill level 1 in Conjurations
   627 | D:6      | Reached skill level 1 in Hexes
   627 | D:6      | Reached skill level 1 in Summonings
   627 | D:6      | Reached skill level 1 in Necromancy
   627 | D:6      | Reached skill level 1 in Translocations
   627 | D:6      | Reached skill level 1 in Transmutations
   627 | D:6      | Reached skill level 1 in Fire Magic
   627 | D:6      | Reached skill level 1 in Ice Magic
   627 | D:6      | Reached skill level 1 in Air Magic
   627 | D:6      | Reached skill level 1 in Earth Magic
   627 | D:6      | Reached skill level 1 in Poison Magic
   755 | D:6      | Noticed a phantom
   760 | D:6      | HP: 9/41 [hound (4)]
   775 | D:6      | HP: 7/41 [hound (1)]
   776 | D:6      | HP: 3/41 [hound (4)]
   802 | D:5      | HP: 1/41 [hound (4)]
   811 | D:5      | Reached XP level 5. HP: 1/47 MP: 5/7
  1163 | D:6      | Noticed a water moccasin
  1176 | D:6      | HP: 11/47 [poisoned by a water moccasin]
  1181 | D:6      | HP: 5/47 [poisoned by a water moccasin]
  1543 | D:5      | Noticed a phantom
  1566 | D:5      | Quit the game

Vanquished Creatures
  A scorpion (D:5)
  2 hounds
  A white imp (D:5)
  An ufetubus (D:5)
5 creatures vanquished.

Table legend:
 A = Non-vault XP
 B = Vault XP
 C = Vault XP percentage of total XP
 D = Non-vault monster count
 E = Vault monster count
 F = Vault count percentage of total count
                 A         B        C        D         E       F
            +---------+---------+-------+---------+---------+-------
      Total |     180 |       0 |   0.0 |       5 |       0 |   0.0
            +---------+---------+-------+---------+---------+-------
        D:5 |     140 |       0 |   0.0 |       4 |       0 |   0.0
        D:6 |      40 |       0 |   0.0 |       1 |       0 |   0.0
            +---------+---------+-------+---------+---------+-------

Illustrated notes

Table legend:
 A = Kills in this place as a percentage of kills in entire the game.
 B = Kills by you in this place as a percentage of kills by you in the entire game.
 C = Kills by friends in this place as a percentage of kills by friends in the entire game.
 D = Other kills in this place as a percentage of other kills in the entire game.
 E = Experience gained in this place as a percentage of experience gained in the entire game.
 F = Experience gained in this place divided by the number of levels of this place that you have seen.
                   A       B       C       D       E      F
               +-------+-------+-------+-------+-------+----------------------
         Total | 100.0 | 100.0 |   N/A |   N/A | 100.0 |  90.0
       Dungeon | 100.0 | 100.0 |   N/A |   N/A | 100.0 |  90.0
               +-------+-------+-------+-------+-------+----------------------

Table legend: (Time is in decaauts)
 A = Elapsed time spent in this place.
 B = Non-inter-level travel time spent in this place.
 C = Inter-level travel time spent in this place.
 D = Time resting spent in this place.
 E = Time spent auto-exploring this place.
 F = Levels seen in this place.
 G = Mean time per level.
                   A        B        C        D        E       F      G
               +--------+--------+--------+--------+--------+-----+--------+
         Total |   1546 |   1517 |     29 |   1091 |    172 |   2 |  773.0 |
       Dungeon |   1546 |   1517 |     29 |   1091 |    172 |   2 |  773.0 |
               +--------+--------+--------+--------+--------+-----+--------+

Top non-repeatable levels by time:
     D:6: 1014 daAuts
     D:5: 532 daAuts
